 Dungeon Crawl Stone Soup version 0.16.1-11-g651b585 (webtiles) character file.

76 Chiseanne the Shield-Bearer (level 4, 0/44 HPs)
             Began as a Troll Fighter on Apr 4, 2015.
             Was an Initiate of Ashenzari.
             Slain by Grinder (6 damage)
             ... on level 3 of the Dungeon.
             The game lasted 00:04:42 (1686 turns).

Chiseanne the Shield-Bearer (Troll Fighter)         Turns: 1686, Time: 00:04:42

Health: 0/44       AC:  5    Str: 29    XL:     4   Next: 12%
Magic:  2/2        EV:  7    Int:  4    God:    Ashenzari [......]
Gold:   65         SH:  0    Dex: 10    Spells: 0 memorised, 3 levels left

rFire  . . .     SeeInvis .       - Unarmed
rCold  . . .     Clarity  .     b - +0 robe
rNeg   . . .     SustAb   .     c - +0 shield
rPois  .         Gourm    +     (helmet restricted)
rElec  .         Spirit   .     (no cloak)
rCorr  .         Warding  .     (gloves unavailable)
rMut   .         Stasis   .     (boots unavailable)
MR     .....                    (no amulet)
Stlth  +.........               (no ring)
                                (no ring)

@: confused, mighty, not resistant to hostile enchantments, very unstealthy
A: unfitting armour, claws 3, fast metabolism 3, gourmand, regeneration 2,
shaggy fur 1, tough skin 2
a: Renounce Religion


You were on level 3 of the Dungeon.
You worshipped Ashenzari.
Ashenzari was noncommittal.
You were very full.

You visited 1 branch of the dungeon, and saw 3 of its levels.

You collected 65 gold pieces.

Inventory:

Armour
 b - a +0 robe (worn)
 c - a +0 shield (worn)
Scrolls
 d - a scroll of identify {unknown}
 g - 2 scrolls of amnesia {unknown}
 h - 2 scrolls of teleportation {unknown}
 i - a scroll of recharging {unknown}
Potions
 j - a potion of heal wounds {unknown}
Comestibles
 a - 2 meat rations
 f - 2 bread rations


   Skills:
 * Level 2.8 Fighting
 * Level 1.0 Throwing
 - Level 2.4 Armour
 * Level 1.4 Dodging
 * Level 3.1 Shields
 - Level 2.0 Unarmed Combat


You had 3 spell levels left.
You didn't know any spells.

Dungeon Overview and Level Annotations

Branches:
Dungeon (3/15)

Altars:
Ashenzari
Gozag
Kikubaaqudgha
Makhleb
Nemelex Xobeh
Sif Muna

Annotations:
D:3 Grinder


Innate Abilities, Weirdness & Mutations

You are too large for most types of armour.
You have claws for hands.
Your metabolism is lightning-fast.
You like to eat raw meat.
You heal very quickly.
You are covered in fur (AC +1).
You have very tough skin (AC +2).


Message History

Grinder gestures.
Grinder blinks!
Grinder gestures at you. Pain shoots through your body!
Grinder gestures.
Grinder blinks!
You can move again.
Unknown command.
You bump into the rock wall.
You barely miss Grinder.
Grinder is almost dead.
Grinder hits you.
You writhe in agony.
You're too confused to move!
Grinder hits you.
You writhe in agony.
You bump into the rock wall.
Grinder hits you but does no damage.
You bump into the rock wall.
Grinder hits you!
* * * LOW HITPOINT WARNING * * *
You writhe in agony.
* * * LOW HITPOINT WARNING * * *
You're too confused to move!
Grinder hits you.
You die...

. ... ....
.....## ##
........##
#.#
#<###.#
##.#.#
##.# #@#
#5# #.#
..# ###


You could see Grinder.

Vanquished Creatures
  An adder (D:2)
  A giant mite (D:2)
  4 worms (D:2)
  A giant gecko (D:2)
  3 giant cockroaches
  4 hobgoblins
  2 quokkas (D:2)
  2 ball pythons (D:1)
  7 bats
  4 giant newts
  5 goblins
  2 kobolds
  7 rats
43 creatures vanquished.

Notes
Turn   | Place    | Note
--------------------------------------------------------------
     0 | D:1      | Chiseanne, the Troll Fighter, began the quest for the Orb.
     0 | D:1      | Reached XP level 1. HP: 22/22 MP: 1/1
   297 | D:1      | Reached XP level 2. HP: 29/29 MP: 1/1
   841 | D:2      | Found a deep blue altar of Sif Muna.
   841 | D:2      | Found a shattered altar of Ashenzari.
   846 | D:2      | Became a worshipper of Ashenzari the Shackled
   943 | D:2      | Reached skill level 3 in Shields
   943 | D:2      | Reached XP level 3. HP: 32/36 MP: 2/2
   962 | D:2      | Found a burning altar of Makhleb.
  1008 | D:2      | Reached skill level 1 in Dodging
  1066 | D:2      | Found a sparkling altar of Nemelex Xobeh.
  1066 | D:2      | Found an opulent altar of Gozag.
  1219 | D:2      | Found an ancient bone altar of Kikubaaqudgha.
  1257 | D:2      | Reached skill level 1 in Throwing
  1375 | D:2      | Reached XP level 4. HP: 44/44 MP: 2/2
  1661 | D:3      | Noticed Grinder
  1664 | D:3      | Paralysed by Grinder for 3 turns
  1673 | D:3      | Paralysed by Grinder for 7 turns
  1686 | D:3      | Slain by Grinder

Action                   |  1- 3 |  4- 6 || total
-------------------------+-------+-------++-------
Melee: Unarmed           |   134 |    12 ||   146
  Use: Potion            |       |     1 ||     1
 Stab: Sleeping          |     1 |       ||     1
  Eat: Chunk             |    18 |     1 ||    19
